 Seeded DCSS version 0.30-a0-591-g3c58d2bc28 (webtiles) character file.

Game seed: 13662384745932578237 (custom seed)

32 purpskrrrp the Shooter (level 3, -2/31 HPs)
             Began as a Minotaur Hunter on Jan 6, 2023.
             Slain by Sigmund
             ... wielding a +0 scythe
              (10 damage)
             ... on level 2 of the Dungeon.
             The game lasted 00:01:23 (1292 turns).

purpskrrrp the Shooter (Minotaur Hunter)            Turns: 1292, Time: 00:01:24

Health: -2/31      AC:  3    Str: 15    XL:     3   Next: 8%
Magic:  2/2        EV: 12    Int:  6    God:
Gold:   68         SH:  0    Dex: 15    Spells: 2/2 levels left

rFire   . . .      SeeInvis .    a - +0 shortbow
rCold   . . .      Faith    .    (shield currently unavailable)
rNeg    . . .      Spirit   .    c - +0 leather armour
rPois   .          Reflect  .    (helmet restricted)
rElec   .          Harm     .    (no cloak)
rCorr   .          Rampage  .    (no gloves)
Will    .....                    (no boots)
Stlth   ++                       (no amulet)
HPRegen 0.25/turn                (no ring)
MPRegen 0.08/turn                (no ring)

@: no status effects
A: horns 2, retaliatory headbutt
a: no special abilities


You were on level 2 of the Dungeon.
You visited 1 branch of the dungeon, and saw 2 of its levels.

You collected 68 gold pieces.

Inventory:

Hand Weapons
 a - a +0 shortbow (weapon)
Missiles
 d - a throwing net
Armour
 c - a +0 leather armour (worn)
Jewellery
 e - a ring of ice
Scrolls
 b - a scroll of immolation
 f - 3 scrolls of identify {unknown}
 g - 2 scrolls of teleportation {unknown}
Potions
 h - a potion of haste {unknown}
 i - a potion of heal wounds {unknown}
 j - a potion of mutation {unknown}


   Skills:
 + Level 3.1 Fighting
 + Level 4.6 Ranged Weapons
 + Level 2.7 Dodging
 + Level 1.3 Stealth


You had 2 spell levels left.
You didn't know any spells.
Your spell library contained the following spells:

 Spells                   Type           Power      Damage    Failure   Level
 Summon Small Mammal      Summ           0%         N/A       52%         1
 Call Canine Familiar     Summ           0%         N/A       88%         3
 Summon Guardian Golem    Hex/Summ       0%         N/A       88%         3


Dungeon Overview and Level Annotations

Branches:
Dungeon (2/15)

Altars:

Shops:
D:1 :*

Annotations:
D:2 Sigmund


Innate Abilities, Weirdness & Mutations

You have a pair of horns on your head.
You reflexively headbutt those who attack you in melee.


Message History

Fire: a) +0 shortbow
Press: ? - help, Shift-Dir - straight line You shoot an arrow.
Fire: a) +0 shortbow
Press: ? - help, Shift-Dir - straight line You shoot an arrow.
Fire: a) +0 shortbow
Press: ? - help, Shift-Dir - straight line You shoot an arrow.
Fire: a) +0 shortbow
Press: ? - help, Shift-Dir - straight line You shoot an arrow.
A magic dart appears from out of thin air!
The magic dart hits you!
Fire: a) +0 shortbow
Press: ? - help, Shift-Dir - straight line You shoot an arrow.
Something hits you.
Fire: a) +0 shortbow
Press: ? - help, Shift-Dir - straight line You shoot an arrow.
Something hits you!
Fire: a) +0 shortbow
Press: ? - help, Shift-Dir - straight line You shoot an arrow.
A kobold comes into view. It is wielding a +2 dagger of draining.
Something hits you but does no damage.
Fire: a) +0 shortbow
Press: ? - help, Shift-Dir - straight line You shoot an arrow.
The arrow hits the kobold.
You kill the kobold!
Fire: a) +0 shortbow
Press: ? - help, Shift-Dir - straight line You shoot an arrow.
Something hits you.
* * * LOW HITPOINT WARNING * * *
Fire: a) +0 shortbow
Press: ? - help, Shift-Dir - straight line You shoot an arrow.
Something hits you but does no damage.
Fire: a) +0 shortbow
Press: ? - help, Shift-Dir - straight line You shoot an arrow.
Something hits you!
You die...

#..#.#.##.###.#......
##..###................
#.#.#.##.####..##..###
##.##.###.####........
...#### #......... .##
.### ##.###.#### # .#
##.# #.#.. .# #..#
#.#.# .# #'## #.#@# .#
##.## #.#.# .#
##...###.#{#
.######.....##.#.#
###..'...♣...'.#.#
#.####...###.#.#
###.####...# #.#)#
.......#...# #.#.##
########.<.###....###


There were no monsters in sight!

Vanquished Creatures
  A worm (D:2)
  3 ball pythons
  3 endoplasms (D:1)
  A giant cockroach (D:1)
  3 goblins
  2 hobgoblins (D:1)
  A quokka (D:1)
  3 bats (D:1)
  2 frilled lizards (D:1)
  5 kobolds
  4 rats (D:1)
28 creatures vanquished.

Notes
Turn   | Place    | Note
-------+----------+-------------------------------------------
     0 | D:1      | purpskrrrp the Minotaur Hunter began the quest for the Orb.
     0 | D:1      | Reached XP level 1. HP: 18/18 MP: 0/0
    35 | D:1      | Reached skill level 1 in Stealth
   144 | D:1      | Reached XP level 2. HP: 25/25 MP: 1/1
   435 | D:1      | Found Muaginir's Assorted Antiques.
   487 | D:1      | Found Hunin's Book Boutique.
   924 | D:2      | HP: 1/26 [worm (3)]
   927 | D:2      | Reached XP level 3. HP: 2/31 MP: 2/2
  1271 | D:2      | Noticed Sigmund
  1292 | D:2      | Slain by Sigmund

Illustrated notes

Levels and vault maps discovered:
D:1:      dpeg_arrival_tiny_k, layout_loops_corners, serial_shops, shop,
          shop_fountains, serial_bayou_pond_c
D:2:      layout_loops_ring, grunt_ministairs_14, uniq_sigmund

Skill      XL: |  1  2 |
---------------+-------+-----
Stealth        | 1 |  1.3
Fighting       | 3 |  3.1
Ranged Weapons | |  4.6
Dodging        | |  2.7

Action                   || total
-------------------------++-------
 Fire: Shortbow          ||    77
  Use: Potion            ||     1
Armor: Leather armour    ||    11
Dodge: Dodged            ||    16

Table legend: (Time is in decaauts)
 A = Elapsed time spent in this place.
 B = Non-inter-level travel time spent in this place.
 C = Inter-level travel time spent in this place.
 D = Time resting spent in this place.
 E = Time spent auto-exploring this place.
 F = Levels seen in this place.
 G = Mean time per level.
                   A        B        C        D        E       F      G
               +--------+--------+--------+--------+--------+-----+--------+
         Total |   1315 |   1295 |     20 |    215 |    922 |   2 |  657.5 |
       Dungeon |   1315 |   1295 |     20 |    215 |    922 |   2 |  657.5 |
               +--------+--------+--------+--------+--------+-----+--------+

Top non-repeatable levels by time:
     D:1: 930 daAuts
     D:2: 385 daAuts
